AoeStats
← KOSOVAR

Black Forest

508460330Analyzed
4v4 RM · 11d ago on Sep 22, 2026· 42m 48s· 8 players
Game mode
Random Map
Map size
Large (8 player)
Population
200
Speed
Normal
Resources
Standard
Victory
Conquest
Starting age
Dark Age
Ending age
Imperial Age
RankedLock teamsTeams togetherTeam positionsShared explorationLock speedFull tech treeHidden civsTurbo modeCheats
Victory
Defeat
🇹🇷 Japanese · Türkiye
837
+12
🇬🇧 Bulgarians · United Kingdom
830
+12
🇨🇱 Burgundians · Chile
796
+14
🇨🇱 Khmer · Chile
757
+15
🇺🇸 Khmer · United States
803
-27
🇦🇷 Mongols · Argentina
738
-13
🇲🇽 Italians · Mexico
724
-12
🇪🇸 Huns · Spain
717
-12
joecool914
5:19 Loom
13:30 Feudal Age
21:16 Horse Collar
23:54 Castle Age
22:34 Double-Bit Axe
23:32 Gold Mining
25:48 Forging
25:43 Scale Barding Armor
26:31 Heavy Plow
26:44 Bow Saw
28:17 Chain Barding Armor
28:33 Iron Casting
28:13 Stone Mining
34:36 Bloodlines
34:27 Husbandry
37:02 Stone Shaft Mining
38:09 Wheelbarrow
37:20 Town Watch
37:28 Light Cavalry
38:02 Fletching
Silver
0:28 Loom
12:00 Feudal Age
12:26 Horse Collar
12:35 Double-Bit Axe
13:42 Wheelbarrow
13:02 Gold Mining
15:06 Fletching
15:28 Forging
14:41 Man-at-Arms
17:01 Padded Archer Armor
17:03 Scale Mail Armor
23:37 Castle Age
21:51 Stone Mining
24:19 Heavy Plow
24:31 Bow Saw
26:39 Hand Cart
29:02 Bodkin Arrow
30:05 Treadmill Crane
30:22 Murder Holes
30:48 Ballistics
32:14 Stone Shaft Mining
32:25 Thumb Ring
34:57 Leather Archer Armor
35:09 Fortified Wall
37:35 Imperial Age
36:07 Chain Mail Armor
36:28 Iron Casting
36:14 Arson
36:30 Squires
35:51 Pikeman
38:11 Silk Road
39:21 Two-Man Saw
38:56 Crop Rotation
39:29 Chemistry
38:33 Bracer
39:04 Ring Archer Armor
39:35 Blast Furnace
KOSOVAR
11:38 Feudal Age
9:54 Loom
10:04 Loom
11:49 Feudal Age
12:42 Double-Bit Axe
12:40 Horse Collar
20:16 Castle Age
20:33 Gold Mining
21:02 Husbandry
21:14 Bloodlines
23:10 Bow Saw
25:08 Wheelbarrow
27:27 Gold Shaft Mining
26:55 Heavy Plow
27:57 Hand Cart
28:36 Fishing Lines
32:04 Caravan
32:00 Gillnets
35:55 Imperial Age
33:46 Marauders
35:28 Forging
35:19 Scale Mail Armor
35:24 Scale Barding Armor
37:07 Conscription
36:10 Elite Tarkan
37:14 Atheism
37:40 Iron Casting
39:26 Two-Man Saw
38:58 Chain Barding Armor
40:22 Chemistry
39:49 Ballistics
41:39 Plate Barding Armor
42:04 Blast Furnace
jcdmf0312
0:31 Loom
14:14 Feudal Age
17:20 Double-Bit Axe
23:32 Gold Mining
23:33 Stone Mining
27:43 Castle Age
27:45 Horse Collar
29:22 Wheelbarrow
28:34 Town Watch
28:45 Fletching
31:41 Scale Barding Armor
31:47 Forging
32:57 Gold Shaft Mining
32:58 Stone Shaft Mining
32:56 Bow Saw
37:17 Imperial Age
35:12 Murder Holes
35:29 Masonry
36:54 Pikeman
37:35 Squires
37:20 Arson
Donelson
0:42 Loom
12:09 Feudal Age
14:24 Arson
20:28 Castle Age
18:45 Double-Bit Axe
19:37 Horse Collar
22:54 Town Watch
23:56 Heavy Plow
27:20 Gambesons
28:20 Scale Mail Armor
29:31 Chain Mail Armor
31:09 Forging
33:06 Iron Casting
32:36 Scale Barding Armor
33:21 Town Patrol
34:07 Wheelbarrow
34:01 Chain Barding Armor
34:08 Murder Holes
34:22 Gold Mining
38:58 Imperial Age
37:14 Bow Saw
38:06 Stirrups
39:01 Elite Konnik
41:42 Plate Barding Armor
42:08 Blast Furnace
43:30 Conscription
MassacRe
11:23 Feudal Age
17:00 Castle Age
35:29 Imperial Age
37:08 Forging
36:58 Scale Mail Armor
37:04 Scale Barding Armor
36:46 Elite Samurai
43:49 Iron Casting
43:30 Chain Mail Armor
43:35 Chain Barding Armor
43:07 Fletching
Leoking
0:38 Loom
14:24 Feudal Age
14:18 Double-Bit Axe
17:18 Horse Collar
23:35 Castle Age
21:51 Heavy Plow
23:07 Bow Saw
24:48 Caravan
26:37 Wheelbarrow
28:14 Stone Mining
28:41 Gold Mining
35:28 Imperial Age
34:58 Scale Barding Armor
35:04 Forging
35:33 Hand Cart
35:41 Cavalier
36:22 Husbandry
37:23 Crop Rotation
37:51 Paladin
39:16 Chain Barding Armor
43:00 Plate Barding Armor
43:01 Iron Casting
Jx
0:29 Loom
15:01 Feudal Age
16:44 Wheelbarrow
15:54 Town Watch
16:09 Double-Bit Axe
16:07 Horse Collar
21:26 Castle Age
23:29 Hand Cart
23:16 Heavy Plow
34:36 Imperial Age
34:43 Imperial Age
32:25 Scale Barding Armor
32:31 Forging
34:39 Fervor
35:03 Chain Barding Armor
35:19 Iron Casting
35:01 Bloodlines
34:51 Husbandry
34:13 Light Cavalry
34:48 Fletching
34:50 Onager
36:40 Plate Barding Armor
36:01 Bodkin Arrow
36:45 Conscription
39:18 Blast Furnace
38:19 Bracer
38:20 Scale Mail Armor
38:21 Padded Archer Armor
39:09 Hussar
Connection lost

Rejoining the realm…

Still unreachable

The connection could not be restored.

Session expired

The server has moved on; the page needs a fresh start.